 Dungeon Crawl Stone Soup version 0.22.1-1-ga44c0e56f4 (webtiles) character file.

1511 Mjsee792 the Blocker (level 8, -3/73 HPs)
             Began as a Minotaur Fighter on Oct 16, 2018.
             Was a Follower of Trog.
             Slain by a phantom (6 damage)
             ... on level 5 of the Dungeon.
             The game lasted 00:11:12 (5409 turns).

Mjsee792 the Blocker (Minotaur Fighter)             Turns: 5409, Time: 00:11:12

Health: -3/73      AC: 13    Str: 21    XL:     8   Next: 53%
Magic:  7/7        EV:  5    Int:  5    God:    Trog [*.....]
Gold:   289        SH: 11    Dex: 12    Spells: 7/7 levels left

rFire    . . .     SeeInvis .   a - +0 trident
rCold    . . .     Gourm    .   c - +0 shield
rNeg     + . .     Faith    .   p - +0 plate armour
rPois    .         Spirit   .   (helmet restricted)
rElec    .         Reflect  .   u - scarf {cloud immunity}
rCorr    .         Harm     .   (no gloves)
MR       .....                  (no boots)
Stlth    ..........             n - amulet of inaccuracy (curse)
HPRegen  0.22/turn              (no ring)
MPRegen  0.10/turn              r - ring of positive energy

@: berserk cooldown, slowed, very slow
A: retaliatory headbutt, horns 2
a: Berserk, Renounce Religion


You were on level 5 of the Dungeon.
You worshipped Trog.
Trog was aware of your devotion.
You were very hungry.

You visited 2 branches of the dungeon, and saw 6 of its levels.

You collected 289 gold pieces.

Inventory:

Hand Weapons
 a - a +0 trident (weapon)
Armour
 b - a +0 scale mail
 c - a +0 shield (worn)
 p - a +0 plate armour (worn)
 t - a +0 cloak
 u - a scarf of cloud immunity (worn)
 w - a +2 ring mail of poison resistance
Jewellery
 n - a cursed amulet of inaccuracy (around neck)
 r - a ring of positive energy (right hand)
Scrolls
 g - 5 scrolls of identify
 i - 4 scrolls of teleportation
 j - 2 scrolls of fog
 o - 2 scrolls of magic mapping {unknown}
 q - 2 scrolls of amnesia {unknown}
Potions
 d - 2 potions of flight
 e - 2 potions of curing
 h - 2 potions of ambrosia
 k - a potion of haste {unknown}
 l - 2 potions of agility
 m - a potion of lignification
 s - a potion of resistance {unknown}
 x - a potion of heal wounds
Comestibles
 f - 8 rations


   Skills:
 + Level 7.1 Fighting
 - Level 2.4 Polearms
 + Level 8.4 Armour
 + Level 9.1 Shields


You had 7 spell levels left.
You didn't know any spells.
Your spell library was empty.

Dungeon Overview and Level Annotations

Branches:
Dungeon (5/15)             Temple (1/1) D:4

Altars:
Ashenzari
Cheibriados
Dithmenos
Elyvilon
Fedhas
Gozag
Hepliaklqana
Makhleb
Nemelex Xobeh
Qazlal
Ru
Sif Muna
Trog
Uskayaw
Vehumet
Wu Jian
Xom
Yredelemnul
Zin
The Shining One

Shops:
D:4 }


Innate Abilities, Weirdness & Mutations

You reflexively headbutt those who attack you in melee.
You have a pair of horns on your head.


Message History

The phantom blinks!
You closely miss the phantom. You headbutt the phantom!
The phantom is severely damaged.
The phantom hits you but does no damage.
The phantom completely misses you. You furiously retaliate!
You headbutt the phantom, but do no damage.
You hit the phantom but do no damage.
The phantom is severely damaged.
The phantom blinks!
Attack whom?
Press: ? - help, Dir - move target cursor, f - phantom
Aim: a phantom (severely damaged)
You reach to attack!
You barely miss the phantom.
The phantom is severely damaged.
The phantom hits you!
* * * LOW HITPOINT WARNING * * *
You barely miss the phantom.
The phantom is severely damaged.
You block the phantom's attack. The phantom hits you.
You die...

.#........# #.##..####....####.#
.#......### #.##..###......###.#
##......# #.##..#............#
.......# #.#.....#......######
#.#.....#......+..... #####
#.#............####.. #...#
#..........#+#....#..
#.#.######..##...........'..
#.#p##.....@W'.......#...###
#.#.##.##.#..#...........#..
##.#.#.#.##.##.####...........'..
......p..)..##................#..
######..###########...........#..
...... ##...#......#.. #####..#
######.#.########.. #...
#.............))... .....
#######'''########..


You could see a phantom.

Vanquished Creatures
  Pikel (D:5)
  Duvessa (D:5)
  Purgy (D:4)
  A phantom (D:4)
  An ogre (D:4)
  Dowan (D:5)
  A quasit (D:5)
  An orc priest (D:3)
  A gnoll shaman (D:5)
  A hound (D:4)
  A bullfrog skeleton (D:4)
  Crazy Yiuf (D:4)
  5 orc wizards
  3 worker ants
  Robin (D:4)
  5 gnolls (D:5)
  4 adders
  A howler monkey skeleton (D:5)
  3 oozes (D:2)
  An adder skeleton (D:4)
  3 worms
  3 dart slugs
  2 leopard geckos
  12 orcs
  3 ball pythons
  8 bats
  A giant cockroach (D:3)
  18 goblins
  10 hobgoblins
  4 jackals (D:1)
  6 kobolds
  2 quokkas
  6 frilled lizards
  6 rats
  2 plants (D:4)
121 creatures vanquished.

Notes
Turn   | Place    | Note
-------+----------+-------------------------------------------
     0 | D:1      | Mjsee792 the Minotaur Fighter began the quest for the Orb.
     0 | D:1      | Reached XP level 1. HP: 19/19 MP: 0/0
    72 | D:1      | Reached XP level 2. HP: 23/27 MP: 1/1
   251 | D:1      | Reached skill level 4 in Shields
   720 | D:2      | Reached XP level 3. HP: 33/33 MP: 2/2
   833 | D:2      | Reached XP level 4. HP: 37/41 MP: 3/3
  1060 | D:2      | You fall through a shaft for 2 floors!
  1102 | D:4      | Reached skill level 5 in Fighting
  1102 | D:4      | Reached skill level 5 in Armour
  1102 | D:4      | Reached XP level 5. HP: 24/48 MP: 4/4
  1107 | D:4      | Reached skill level 5 in Shields
  1169 | D:4      | Found a staircase to the Ecumenical Temple.
  1169 | D:4      | Noticed a phantom
  1170 | D:4      | Noticed Robin
  1200 | D:4      | HP: 2/48 [phantom (7)]
  1204 | D:4      | Reached XP level 6. HP: 1/56 MP: 5/5
  1234 | D:4      | Killed Robin
  1311 | D:4      | Reached skill level 6 in Shields
  1513 | Temple   | Entered the Ecumenical Temple
  1766 | Temple   | Became a worshipper of Trog the Wrathful
  1853 | D:4      | Noticed Purgy
  1866 | D:4      | Killed Purgy
  1866 | D:4      | Reached XP level 7. HP: 57/63 MP: 6/6
  1989 | D:4      | Found Rant's Gadget Shop.
  2811 | D:2      | Found a shimmering altar of Xom.
  2921 | D:4      | Found a runed door.
  3410 | D:4      | Noticed Crazy Yiuf
  3414 | D:4      | Paralysed by Crazy Yiuf for 7 turns
  3430 | D:4      | Killed Crazy Yiuf
  3806 | D:5      | Entered Level 5 of the Dungeon
  3986 | D:5      | Noticed Dowan
  3990 | D:5      | Noticed Duvessa
  4021 | D:5      | HP: 2/64 [orc wizard/puff of frost (10)]
  4047 | D:4      | Reached skill level 7 in Shields
  4399 | D:5      | Killed Duvessa
  4961 | D:5      | Killed Dowan
  5104 | D:5      | Reached * piety under Trog
  5104 | D:5      | Reached skill level 8 in Shields
  5104 | D:5      | Reached XP level 8. HP: 44/71 MP: 7/7
  5298 | D:5      | Found a sparkling altar of Nemelex Xobeh.
  5360 | D:5      | Noticed Pikel
  5388 | D:5      | Killed Pikel
  5388 | D:5      | Reached skill level 9 in Shields
  5408 | D:5      | HP: 2/73 [phantom (7)]
  5409 | D:5      | Slain by a phantom

Skill      XL: |  1  2  3  4  5  6  7  8 |
---------------+-------------------------+-----
Armour         | 4 5 6 7 8 |  8.4
Fighting       | 4 5 6 7 |  7.1
Shields        | 4 5 6 8 9 |  9.1
Polearms       | |  2.4

Action                   |  1- 3 |  4- 6 |  7- 9 || total
-------------------------+-------+-------+-------++-------
Melee: Trident           |   126 |   150 |   429 ||   705
       Headbutt          |    15 |    16 |    46 ||    77
Invok: Berserk           |       |       |     1 ||     1
  Use: Potion            |       |     5 |     4 ||     9
       Scroll            |       |     5 |       ||     5
  Eat: Chunk             |       |     2 |     7 ||     9
       Ration            |       |       |     2 ||     2
Armor: Scale mail        |    51 |     3 |       ||    54
       Plate armour      |       |    56 |   297 ||   353
       Skin              |       |    13 |       ||    13
Dodge: Dodged            |    36 |    22 |    74 ||   132
Block: Shield            |    41 |    60 |   247 ||   348
